Unix NetHack Version 3.7.0-65 Work-in-progress - last build Oct 3 2022 04:20:45 (938f679fcd32a3c70215a73001258fd12811ee3d,branch:master).

Game began 2022-10-09 13:55:45, ended 2022-10-09 21:07:04.

rustyspoon, chaotic female human Samurai

  
unexplored area
unexplored area
unexplored area
unexplored area
unexplored area
unexplored area
unexplored area
unexplored area
unexplored area
unexplored area
unexplored area
unexplored area
unexplored area
unexplored area
unexplored area
unexplored area
unexplored area
unexplored area
unexplored area
unexplored area
unexplored area
unexplored area
unexplored area
unexplored area
unexplored area
unexplored area
unexplored area
unexplored area
unexplored area
unexplored area
unexplored area
unexplored area
unexplored area
unexplored area
unexplored area
unexplored area
unexplored area
unexplored area
unexplored area
unexplored area
unexplored area
unexplored area
unexplored area
unexplored area
unexplored area
unexplored area
unexplored area
unexplored area
unexplored area
unexplored area
unexplored area
unexplored area
unexplored area
unexplored area
unexplored area
unexplored area
unexplored area
unexplored area
unexplored area
unexplored area
unexplored area
unexplored area
unexplored area
unexplored area
unexplored area
unexplored area
unexplored area
unexplored area
unexplored area
unexplored area
unexplored area
unexplored area
unexplored area
unexplored area
unexplored area
unexplored area
unexplored area
unexplored area
unexplored area
unexplored area
unexplored area
unexplored area
unexplored area
unexplored area
unexplored area
unexplored area
unexplored area
unexplored area
unexplored area
unexplored area
unexplored area
unexplored area
unexplored area
unexplored area
unexplored area
unexplored area
unexplored area
unexplored area
unexplored area
unexplored area
unexplored area
unexplored area
unexplored area
wall
wall
unexplored area
unexplored area
unexplored area
unexplored area
unexplored area
wall
wall
wall
wall
wall
wall
wall
wall
wall
wall
wall
wall
wall
wall
wall
wall
wall
wall
wall
wall
wall
wall
wall
unexplored area
unexplored area
unexplored area
unexplored area
unexplored area
unexplored area
unexplored area
unexplored area
unexplored area
unexplored area
unexplored area
unexplored area
unexplored area
unexplored area
unexplored area
unexplored area
unexplored area
unexplored area
unexplored area
unexplored area
unexplored area
unexplored area
unexplored area
unexplored area
unexplored area
unexplored area
unexplored area
unexplored area
unexplored area
unexplored area
unexplored area
unexplored area
unexplored area
unexplored area
unexplored area
unexplored area
unexplored area
unexplored area
unexplored area
unexplored area
unexplored area
unexplored area
unexplored area
unexplored area
unexplored area
unexplored area
unexplored area
unexplored area
unexplored area
.dark part of a room
.dark part of a room
.dark part of a room
.dark part of a room
.dark part of a room
.dark part of a room
.dark part of a room
.dark part of a room
.dark part of a room
.dark part of a room
stone
.dark part of a room
.dark part of a room
.dark part of a room
[a large shield
.dark part of a room
.dark part of a room
.dark part of a room
.dark part of a room
.dark part of a room
.dark part of a room
.dark part of a room
0a boulder
.dark part of a room
.dark part of a room
.dark part of a room
.dark part of a room
.dark part of a room
.dark part of a room
.dark part of a room
.dark part of a room
unexplored area
unexplored area
unexplored area
unexplored area
unexplored area
unexplored area
unexplored area
unexplored area
unexplored area
unexplored area
unexplored area
unexplored area
unexplored area
unexplored area
unexplored area
unexplored area
unexplored area
unexplored area
unexplored area
unexplored area
unexplored area
unexplored area
unexplored area
unexplored area
unexplored area
unexplored area
unexplored area
unexplored area
unexplored area
unexplored area
unexplored area
unexplored area
unexplored area
unexplored area
unexplored area
unexplored area
unexplored area
unexplored area
unexplored area
unexplored area
unexplored area
unexplored area
unexplored area
unexplored area
unexplored area
unexplored area
unexplored area
unexplored area
.dark part of a room
.dark part of a room
.dark part of a room
.dark part of a room
.dark part of a room
.dark part of a room
.dark part of a room
.dark part of a room
.dark part of a room
.dark part of a room
stone
wall
wall
wall
wall
%a priestess corpse
wall
wall
wall
wall
.dark part of a room
.dark part of a room
.dark part of a room
.dark part of a room
.dark part of a room
.dark part of a room
.dark part of a room
.dark part of a room
.dark part of a room
.dark part of a room
.dark part of a room
.dark part of a room
unexplored area
unexplored area
unexplored area
unexplored area
unexplored area
unexplored area
unexplored area
unexplored area
unexplored area
unexplored area
unexplored area
unexplored area
unexplored area
unexplored area
unexplored area
unexplored area
unexplored area
unexplored area
unexplored area
unexplored area
unexplored area
unexplored area
unexplored area
unexplored area
unexplored area
unexplored area
unexplored area
unexplored area
unexplored area
unexplored area
unexplored area
unexplored area
unexplored area
unexplored area
unexplored area
unexplored area
unexplored area
unexplored area
unexplored area
unexplored area
unexplored area
unexplored area
unexplored area
unexplored area
unexplored area
unexplored area
unexplored area
unexplored area
.dark part of a room
.dark part of a room
.dark part of a room
.dark part of a room
.dark part of a room
.dark part of a room
.dark part of a room
.dark part of a room
.dark part of a room
wall
wall
.dark part of a room
.dark part of a room
.dark part of a room
.dark part of a room
.dark part of a room
.dark part of a room
.dark part of a room
wall
wall
.dark part of a room
.dark part of a room
.dark part of a room
.dark part of a room
.dark part of a room
.dark part of a room
.dark part of a room
.dark part of a room
.dark part of a room
.dark part of a room
.dark part of a room
.dark part of a room
unexplored area
unexplored area
unexplored area
unexplored area
unexplored area
unexplored area
unexplored area
unexplored area
unexplored area
unexplored area
unexplored area
unexplored area
unexplored area
unexplored area
unexplored area
unexplored area
unexplored area
unexplored area
unexplored area
unexplored area
unexplored area
unexplored area
unexplored area
unexplored area
unexplored area
unexplored area
unexplored area
unexplored area
unexplored area
unexplored area
unexplored area
unexplored area
unexplored area
unexplored area
unexplored area
unexplored area
unexplored area
unexplored area
unexplored area
unexplored area
unexplored area
unexplored area
unexplored area
unexplored area
unexplored area
unexplored area
unexplored area
unexplored area
.dark part of a room
.dark part of a room
.dark part of a room
.dark part of a room
.dark part of a room
.dark part of a room
.dark part of a room
wall
wall
.dark part of a room
.dark part of a room
.dark part of a room
%a killer bee corpse
$some gold pieces
.dark part of a room
.dark part of a room
.dark part of a room
.dark part of a room
wall
wall
.dark part of a room
.dark part of a room
.dark part of a room
.dark part of a room
.dark part of a room
.dark part of a room
.dark part of a room
.dark part of a room
.dark part of a room
.dark part of a room
.dark part of a room
unexplored area
unexplored area
unexplored area
unexplored area
unexplored area
unexplored area
unexplored area
unexplored area
unexplored area
unexplored area
unexplored area
unexplored area
unexplored area
unexplored area
unexplored area
unexplored area
unexplored area
unexplored area
unexplored area
unexplored area
unexplored area
unexplored area
unexplored area
unexplored area
unexplored area
unexplored area
unexplored area
unexplored area
unexplored area
unexplored area
unexplored area
unexplored area
unexplored area
unexplored area
unexplored area
unexplored area
unexplored area
unexplored area
unexplored area
unexplored area
unexplored area
unexplored area
unexplored area
unexplored area
unexplored area
unexplored area
unexplored area
unexplored area
unexplored area
unexplored area
.dark part of a room
.dark part of a room
.dark part of a room
.dark part of a room
.dark part of a room
wall
unexplored area
.dark part of a room
.dark part of a room
.dark part of a room
%a killer bee corpse
.dark part of a room
.dark part of a room
.dark part of a room
.dark part of a room
.dark part of a room
.dark part of a room
wall
.dark part of a room
.dark part of a room
.dark part of a room
.dark part of a room
.dark part of a room
.dark part of a room
.dark part of a room
.dark part of a room
.dark part of a room
.dark part of a room
.dark part of a room
unexplored area
unexplored area
unexplored area
unexplored area
unexplored area
wall
wall
wall
wall
wall
unexplored area
unexplored area
unexplored area
unexplored area
unexplored area
unexplored area
unexplored area
unexplored area
unexplored area
unexplored area
unexplored area
unexplored area
unexplored area
unexplored area
unexplored area
unexplored area
unexplored area
unexplored area
unexplored area
unexplored area
unexplored area
unexplored area
unexplored area
unexplored area
unexplored area
unexplored area
unexplored area
unexplored area
unexplored area
unexplored area
unexplored area
unexplored area
unexplored area
unexplored area
unexplored area
unexplored area
unexplored area
unexplored area
unexplored area
unexplored area
unexplored area
wall
wall
wall
wall
wall
unexplored area
.dark part of a room
.dark part of a room
stone
.dark part of a room
%a giant beetle corpse
.dark part of a room
.dark part of a room
.dark part of a room
.dark part of a room
wall
wall
wall
wall
wall
wall
wall
wall
.dark part of a room
!a potion
.dark part of a room
wall
wall
unexplored area
unexplored area
unexplored area
unexplored area
unexplored area
wall
.dark part of a room
.dark part of a room
.dark part of a room
unexplored area
unexplored area
unexplored area
unexplored area
unexplored area
unexplored area
unexplored area
unexplored area
unexplored area
unexplored area
unexplored area
unexplored area
unexplored area
unexplored area
unexplored area
unexplored area
unexplored area
unexplored area
unexplored area
unexplored area
unexplored area
unexplored area
unexplored area
unexplored area
unexplored area
unexplored area
unexplored area
unexplored area
unexplored area
unexplored area
unexplored area
unexplored area
unexplored area
unexplored area
unexplored area
unexplored area
unexplored area
unexplored area
unexplored area
unexplored area
unexplored area
unexplored area
unexplored area
unexplored area
unexplored area
unexplored area
unexplored area
unexplored area
unexplored area
.dark part of a room
.dark part of a room
.dark part of a room
%some giant beetle corpses
.dark part of a room
.dark part of a room
.dark part of a room
wall
unexplored area
unexplored area
unexplored area
unexplored area
unexplored area
unexplored area
wall
wall
wall
%a priestess corpse
wall
wall
wall
wall
unexplored area
unexplored area
unexplored area
wall
wall
.dark part of a room
.dark part of a room
wall
wall
wall
wall
wall
wall
wall
wall
wall
unexplored area
unexplored area
unexplored area
unexplored area
unexplored area
unexplored area
unexplored area
unexplored area
unexplored area
unexplored area
unexplored area
unexplored area
unexplored area
unexplored area
unexplored area
unexplored area
unexplored area
unexplored area
unexplored area
unexplored area
unexplored area
unexplored area
unexplored area
unexplored area
unexplored area
unexplored area
unexplored area
unexplored area
unexplored area
unexplored area
unexplored area
unexplored area
unexplored area
unexplored area
unexplored area
unexplored area
unexplored area
unexplored area
unexplored area
wall
wall
wall
wall
wall
%a giant beetle corpse
wall
wall
wall
wall
wall
unexplored area
unexplored area
unexplored area
unexplored area
unexplored area
.dark part of a room
.dark part of a room
%Famine's corpse
.dark part of a room
.dark part of a room
.dark part of a room
.dark part of a room
wall
wall
unexplored area
wall
wall
.dark part of a room
%a giant beetle corpse
.dark part of a room
wall
.floor of a room
.floor of a room
.floor of a room
.floor of a room
.floor of a room
.floor of a room
.floor of a room
wall
unexplored area
unexplored area
unexplored area
unexplored area
unexplored area
unexplored area
unexplored area
unexplored area
unexplored area
unexplored area
unexplored area
unexplored area
unexplored area
unexplored area
unexplored area
unexplored area
unexplored area
unexplored area
unexplored area
unexplored area
unexplored area
unexplored area
unexplored area
unexplored area
unexplored area
unexplored area
unexplored area
unexplored area
unexplored area
unexplored area
unexplored area
unexplored area
unexplored area
unexplored area
unexplored area
unexplored area
unexplored area
wall
wall
wall
.dark part of a room
.dark part of a room
.dark part of a room
.dark part of a room
%a priest corpse
.dark part of a room
.dark part of a room
.dark part of a room
.dark part of a room
wall
wall
wall
unexplored area
unexplored area
unexplored area
.dark part of a room
.dark part of a room
.dark part of a room
.dark part of a room
.dark part of a room
.dark part of a room
.dark part of a room
.dark part of a room
wall
wall
wall
.dark part of a room
.dark part of a room
.dark part of a room
.dark part of a room
wall
.floor of a room
.floor of a room
.floor of a room
.floor of a room
%a wizard corpse named Keni the Enchanter
.floor of a room
.floor of a room
wall
unexplored area
unexplored area
unexplored area
unexplored area
unexplored area
unexplored area
unexplored area
unexplored area
unexplored area
unexplored area
unexplored area
unexplored area
unexplored area
unexplored area
unexplored area
unexplored area
unexplored area
unexplored area
unexplored area
unexplored area
unexplored area
unexplored area
unexplored area
unexplored area
unexplored area
unexplored area
unexplored area
unexplored area
unexplored area
unexplored area
unexplored area
unexplored area
unexplored area
unexplored area
unexplored area
unexplored area
unexplored area
wall
.dark part of a room
.dark part of a room
.dark part of a room
.dark part of a room
.dark part of a room
.dark part of a room
.dark part of a room
.dark part of a room
.dark part of a room
.dark part of a room
.dark part of a room
.dark part of a room
.dark part of a room
wall
unexplored area
unexplored area
unexplored area
unexplored area
.dark part of a room
(a can of grease
.dark part of a room
.dark part of a room
.dark part of a room
.dark part of a room
$some gold pieces
.dark part of a room
-open door
.floor of a room
.floor of a room
.floor of a room
@priestess of Susanowo
%a soldier ant corpse
%a priestess corpse
.floor of a room
Bvampire bat
.floor of a room
@invisible human samurai called rustyspoon
.floor of a room
.floor of a room
.floor of a room
wall
unexplored area
unexplored area
unexplored area
unexplored area
unexplored area
unexplored area
unexplored area
unexplored area
unexplored area
unexplored area
unexplored area
unexplored area
unexplored area
unexplored area
unexplored area
unexplored area
unexplored area
unexplored area
unexplored area
unexplored area
unexplored area
unexplored area
unexplored area
unexplored area
unexplored area
unexplored area
unexplored area
unexplored area
unexplored area
unexplored area
unexplored area
unexplored area
unexplored area
unexplored area
unexplored area
unexplored area
unexplored area
wall
.dark part of a room
unexplored area
wall
wall
wall
wall
.doorway
wall
wall
wall
wall
unexplored area
.dark part of a room
wall
unexplored area
unexplored area
unexplored area
unexplored area
unexplored area
.dark part of a room
.dark part of a room
.dark part of a room
.dark part of a room
.dark part of a room
.dark part of a room
wall
wall
wall
.dark part of a room
.dark part of a room
.dark part of a room
.dark part of a room
wall
Bvampire bat
.floor of a room
.floor of a room
@priest of Raijin
@peaceful high priest of Susanowo
.floor of a room
.floor of a room
wall
unexplored area
unexplored area
unexplored area
unexplored area
unexplored area
unexplored area
unexplored area
unexplored area
unexplored area
unexplored area
unexplored area
unexplored area
unexplored area
unexplored area
unexplored area
unexplored area
unexplored area
unexplored area
unexplored area
unexplored area
unexplored area
unexplored area
unexplored area
unexplored area
unexplored area
unexplored area
unexplored area
unexplored area
unexplored area
unexplored area
unexplored area
unexplored area
unexplored area
unexplored area
unexplored area
unexplored area
unexplored area
wall
unexplored area
unexplored area
wall
.dark part of a room
.dark part of a room
%a giant beetle corpse
%a soldier ant corpse
%a soldier ant corpse
.dark part of a room
.dark part of a room
wall
unexplored area
unexplored area
wall
unexplored area
unexplored area
unexplored area
unexplored area
unexplored area
unexplored area
.dark part of a room
.dark part of a room
.dark part of a room
.dark part of a room
wall
wall
unexplored area
wall
wall
.dark part of a room
.dark part of a room
.dark part of a room
wall
.floor of a room
.floor of a room
.floor of a room
.floor of a room
.floor of a room
.floor of a room
.floor of a room
wall
unexplored area
unexplored area
unexplored area
unexplored area
unexplored area
unexplored area
unexplored area
unexplored area
unexplored area
unexplored area
unexplored area
unexplored area
unexplored area
unexplored area
unexplored area
unexplored area
unexplored area
unexplored area
unexplored area
unexplored area
unexplored area
unexplored area
unexplored area
unexplored area
unexplored area
unexplored area
unexplored area
unexplored area
unexplored area
unexplored area
unexplored area
unexplored area
unexplored area
unexplored area
unexplored area
unexplored area
unexplored area
unexplored area
unexplored area
unexplored area
wall
.dark part of a room
.dark part of a room
.dark part of a room
.dark part of a room
.dark part of a room
.dark part of a room
.dark part of a room
wall
unexplored area
unexplored area
unexplored area
unexplored area
unexplored area
unexplored area
unexplored area
unexplored area
unexplored area
unexplored area
unexplored area
unexplored area
wall
unexplored area
unexplored area
unexplored area
unexplored area
wall
wall
.dark part of a room
.dark part of a room
wall
wall
wall
wall
wall
wall
wall
wall
wall
unexplored area
unexplored area
unexplored area
unexplored area
unexplored area
unexplored area
unexplored area
unexplored area
unexplored area
unexplored area
unexplored area
unexplored area
unexplored area
unexplored area
unexplored area
unexplored area
unexplored area
unexplored area
unexplored area
unexplored area
unexplored area
unexplored area
unexplored area
unexplored area
unexplored area
unexplored area
unexplored area
unexplored area
unexplored area
unexplored area
unexplored area
unexplored area
unexplored area
unexplored area
unexplored area
unexplored area
unexplored area
unexplored area
unexplored area
unexplored area
wall
.dark part of a room
.dark part of a room
.dark part of a room
_aligned high altar
.dark part of a room
.dark part of a room
.dark part of a room
wall
unexplored area
unexplored area
unexplored area
unexplored area
unexplored area
unexplored area
unexplored area
unexplored area
unexplored area
unexplored area
unexplored area
unexplored area
unexplored area
unexplored area
unexplored area
unexplored area
unexplored area
unexplored area
wall
.dark part of a room
.dark part of a room
.dark part of a room
unexplored area
unexplored area
unexplored area
unexplored area
unexplored area
unexplored area
unexplored area
unexplored area
unexplored area
unexplored area
unexplored area
unexplored area
unexplored area
unexplored area
unexplored area
unexplored area
unexplored area
unexplored area
unexplored area
unexplored area
unexplored area
unexplored area
unexplored area
unexplored area
unexplored area
unexplored area
unexplored area
unexplored area
unexplored area
unexplored area
unexplored area
unexplored area
unexplored area
unexplored area
unexplored area
unexplored area
unexplored area
unexplored area
unexplored area
unexplored area
unexplored area
unexplored area
unexplored area
unexplored area
unexplored area
unexplored area
unexplored area
unexplored area
wall
.dark part of a room
.dark part of a room
.dark part of a room
.dark part of a room
.dark part of a room
.dark part of a room
.dark part of a room
wall
unexplored area
unexplored area
unexplored area
unexplored area
unexplored area
unexplored area
unexplored area
unexplored area
unexplored area
unexplored area
unexplored area
unexplored area
unexplored area
unexplored area
unexplored area
unexplored area
unexplored area
unexplored area
wall
wall
wall
wall
wall
unexplored area
unexplored area
unexplored area
unexplored area
unexplored area
unexplored area
unexplored area
unexplored area
unexplored area
unexplored area
unexplored area
unexplored area
unexplored area
unexplored area
unexplored area
unexplored area
unexplored area
unexplored area
unexplored area
unexplored area
unexplored area
unexplored area
unexplored area
unexplored area
unexplored area
unexplored area
unexplored area
unexplored area
unexplored area
unexplored area
unexplored area
unexplored area
unexplored area
unexplored area
unexplored area
unexplored area
unexplored area
unexplored area
unexplored area
unexplored area
unexplored area
unexplored area
unexplored area
unexplored area
unexplored area
unexplored area
unexplored area
wall
.dark part of a room
.dark part of a room
.dark part of a room
.dark part of a room
.dark part of a room
.dark part of a room
.dark part of a room
wall
unexplored area
unexplored area
unexplored area
unexplored area
unexplored area
unexplored area
unexplored area
unexplored area
unexplored area
unexplored area
unexplored area
unexplored area
unexplored area
unexplored area
unexplored area
unexplored area
unexplored area
unexplored area
unexplored area
unexplored area
unexplored area
unexplored area
unexplored area
unexplored area
unexplored area
unexplored area
unexplored area
unexplored area
unexplored area
unexplored area
unexplored area
unexplored area
unexplored area
unexplored area
unexplored area
unexplored area
unexplored area
unexplored area
unexplored area
unexplored area
unexplored area
unexplored area
unexplored area
unexplored area
unexplored area
unexplored area
unexplored area
unexplored area
unexplored area
unexplored area
unexplored area
unexplored area
unexplored area
unexplored area
unexplored area
unexplored area
unexplored area
unexplored area
unexplored area
unexplored area
unexplored area
unexplored area
unexplored area
unexplored area
unexplored area
unexplored area
unexplored area
unexplored area
unexplored area
unexplored area
wall
wall
wall
wall
wall
wall
wall
wall
wall
unexplored area
unexplored area
unexplored area
unexplored area
unexplored area
unexplored area
unexplored area
unexplored area
unexplored area
unexplored area
unexplored area
unexplored area
unexplored area
unexplored area
unexplored area
unexplored area
unexplored area
unexplored area
unexplored area
unexplored area
unexplored area
unexplored area
unexplored area
unexplored area
unexplored area
unexplored area
unexplored area
unexplored area
unexplored area
unexplored area
unexplored area
unexplored area
unexplored area
unexplored area
unexplored area
unexplored area
unexplored area
unexplored area
unexplored area
unexplored area
unexplored area
unexplored area
unexplored area
unexplored area
unexplored area
unexplored area
unexplored area
unexplored area
unexplored area
unexplored area
unexplored area
unexplored area
unexplored area
unexplored area
unexplored area
unexplored area
unexplored area
unexplored area
unexplored area
unexplored area
unexplored area
unexplored area
unexplored area
unexplored area
unexplored area
unexplored area
unexplored area
unexplored area
unexplored area
unexplored area
unexplored area
unexplored area
unexplored area
unexplored area
unexplored area
unexplored area
unexplored area
unexplored area
unexplored area
unexplored area
unexplored area
unexplored area
unexplored area
unexplored area
unexplored area
unexplored area
unexplored area
unexplored area
unexplored area
unexplored area
unexplored area
unexplored area
unexplored area
unexplored area
unexplored area
unexplored area
unexplored area
unexplored area
unexplored area
unexplored area
unexplored area
unexplored area
unexplored area
unexplored area
unexplored area
unexplored area
unexplored area
unexplored area
unexplored area
unexplored area
unexplored area
unexplored area
unexplored area
unexplored area
unexplored area
unexplored area
unexplored area
unexplored area
unexplored area
unexplored area
unexplored area
unexplored area
unexplored area
unexplored area
unexplored area
unexplored area
unexplored area
unexplored area
unexplored area
unexplored area
unexplored area
unexplored area
unexplored area
unexplored area
unexplored area
unexplored area
unexplored area
unexplored area
unexplored area
unexplored area
unexplored area
unexplored area
unexplored area
unexplored area
unexplored area
unexplored area
unexplored area
unexplored area
unexplored area
unexplored area
unexplored area
unexplored area
unexplored area
unexplored area
unexplored area
unexplored area
unexplored area
unexplored area
unexplored area
unexplored area
unexplored area
unexplored area
unexplored area
unexplored area
unexplored area
unexplored area
unexplored area
unexplored area
unexplored area
unexplored area
unexplored area
unexplored area
unexplored area
unexplored area
unexplored area
unexplored area
unexplored area
unexplored area
unexplored area
unexplored area
unexplored area
unexplored area
unexplored area
unexplored area
unexplored area
unexplored area
unexplored area
unexplored area
unexplored area
unexplored area
unexplored area
unexplored area
unexplored area
[Rustyspoon the Ryoshu ] St:25 Dx:18 Co:18 In:18 Wi:18 Ch:15 Chaotic Astral Plane $:0 HP:332(378) Pw:73(73) AC:-26 Xp:15 T:31795 Lev

Latest messages:

The giant beetle is killed!
The Angel of Susanowo swings her long sword at the killer bee.
The Angel of Susanowo hits the killer bee.
The killer bee is killed!
The invisible stalker misses the fire ant.
The high priest intones:
"Pilgrim, you enter a sacred place!"
"This time I shall let thee off with a spanking, but let it not happen again."
The Angel of Susanowo swings her long sword at it.
The Angel of Susanowo hits it.
The priest of Raijin wields a mace!
The invisible stalker hits the fire ant.
The fire ant misses the invisible stalker.
The fire ant bites the invisible stalker.
The invisible stalker is on fire!
You cannot reach the floor.
The priestess of Susanowo casts a spell!
The priestess of Susanowo looks better.
The renegade Angel of Amaterasu Omikami zaps a wand of death!
The fire ant is killed by the death ray!
The death ray hits the vampire bat.
The death ray whizzes by you!
The renegade Angel of Amaterasu Omikami swings her long sword at the priestess of Susanowo.
The renegade Angel of Amaterasu Omikami hits the priestess of Susanowo.
The renegade Angel of Amaterasu Omikami swings her long sword at the priestess of Susanowo.
The renegade Angel of Amaterasu Omikami hits the priestess of Susanowo.
The renegade Angel of Amaterasu Omikami hits the priestess of Susanowo.
The priestess of Susanowo casts a spell!
The priestess of Susanowo looks better.
There is a high altar to Susanowo (chaotic) here.
What do you want to use or apply? [beiknprt-vyzGQSUVZ or ?*]
J - an uncursed +0 helm of opposite alignment.
The vampire bat turns to flee.
What do you want to take off? [CDEF or ?*]
The priest of Susanowo zaps a wand of striking!
The wand hits the priest of Raijin!
Boing!
You finish taking off your helm.
What do you want to wear? [FJ or ?*]
You finish your dressing maneuver.
Your mind oscillates briefly.
You are blasted by Excalibur's power!
The helm of opposite alignment glows black for a moment.
What do you want to sacrifice? [H or ?*]
You offer the Amulet of Yendor to Susanowo...
An invisible choir sings, and you are bathed in radiance...
The voice of Susanowo rings out: "Mortal, thou hast done well!"
"In return for thy service, I grant thee the gift of Immortality!"
You ascend to the status of Demigoddess...
Do you want your possessions identified? [ynq] (y)

Inventory:

Amulets

j - a blessed greased amulet of reflection (being worn)

Weapons

a - the blessed rustproof +7 Excalibur (wielded in right hand)
w - an uncursed rustproof +5 katana (wielded in left hand)

Armor

A - a blessed greased fireproof +4 T-shirt with text "Somebody stole my Mojo!" (being worn)
B - a blessed greased +5 gray dragon scale mail (being worn)
C - a blessed fireproof +4 cloak of protection (being worn)
D - a blessed fireproof +5 pair of speed boots (being worn)
E - an uncursed very rusty +4 pair of gauntlets of power (being worn)
F - an uncursed thoroughly rusty corroded +2 orcish helm
J - a cursed +0 helm of opposite alignment (being worn)

Comestibles

L - an uncursed lizard corpse named KFC
R - an uncursed partly eaten gunyoki

Rings

q - a blessed ring of free action (on left hand)
s - a blessed ring of conflict (on right hand)

Wands

i - an uncursed wand of digging (0:6)
p - an uncursed wand of death named empty (0:0)
r - an uncursed wand of teleportation (0:2)
y - an uncursed wand of digging (0:5)
z - a cursed wand of digging (0:0)
G - an uncursed wand of teleportation (0:1)
Q - an uncursed wand of teleportation (0:7)
V - an uncursed wand of death (1:0)
Z - an uncursed wand of death (0:5)

Tools

b - a blessed bag of holding containing 81 items
e - a blessed stethoscope
k - an uncursed skeleton key
n - a blessed magic marker named !charged (0:17)
t - an uncursed blindfold
u - a blessed +0 unicorn horn named hL;
v - a blessed magic lamp (lit)
S - the uncursed Candelabrum of Invocation (0 of 7 candles attached)
U - the uncursed Bell of Opening (0:1)

Gems/Stones

x - a blessed luckstone

Contents of the bag of holding:

an uncursed amulet of life saving
an uncursed amulet of life saving
an uncursed amulet of life saving
an uncursed amulet of life saving
an uncursed +0 pair of water walking boots
an uncursed -3 pair of levitation boots
an uncursed +0 mummy wrapping
7 uncursed gunyoki
an uncursed lizard corpse named mcd
an uncursed scroll of light
a blessed scroll of blank paper
an uncursed scroll of blank paper
2 cursed scrolls of blank paper
a blessed scroll of charging
an uncursed scroll of create monster
2 uncursed scrolls of earth
a blessed scroll of fire
2 uncursed scrolls of fire
an uncursed scroll of fire
a blessed scroll of identify
2 uncursed scrolls of identify
3 blessed scrolls of remove curse
an uncursed scroll of remove curse
2 blessed scrolls of teleportation
25 potions of holy water
8 uncursed potions of water
3 potions of unholy water
a cursed potion of extra healing
3 blessed diluted potions of full healing
an uncursed potion of gain energy
an uncursed potion of healing
3 blessed potions of levitation
3 uncursed potions of paralysis
a cursed potion of paralysis
5 uncursed potions of restore ability
a blessed potion of speed
an uncursed potion of speed
a cursed potion of speed
a cursed ring of aggravate monster
an uncursed ring of regeneration
an uncursed ring of regeneration
a blessed ring of teleport control
an uncursed +5 ring of gain strength
an uncursed ring of hunger
a blessed ring of shock resistance
an uncursed wand of slow monster (0:7)
an uncursed wand of cold (0:4)
an uncursed wand of cold (0:6)
an uncursed wand of cold (0:2)
an uncursed wand of digging (0:8)
an uncursed wand of digging (0:0)
an uncursed wand of digging (0:0)
an uncursed wand of digging (0:4)
an uncursed wand of digging (0:6)
an uncursed wand of digging (0:7)
an uncursed wand of enlightenment (0:11)
an uncursed wand of fire (0:8)
an uncursed wand of fire (0:2)
an uncursed wand of fire (0:0)
an uncursed wand of light (0:12)
an uncursed wand of light (0:9)
an uncursed wand of lightning (0:4)
an uncursed wand of lightning (0:6)
an uncursed wand of lightning (0:8)
an uncursed wand of lightning (0:5)
an uncursed wand of polymorph (0:5)
an uncursed wand of sleep (0:5)
an uncursed wand of sleep (0:4)
a blessed wand of speed monster (0:7)
an uncursed wand of speed monster (0:6)
an uncursed wand of speed monster (0:2)
a blessed wand of striking (0:5)
a blessed wand of striking (0:5)
an uncursed wand of teleportation (0:6)
an uncursed wand of teleportation (0:6)
an uncursed wand of wishing (1:2)
an empty uncursed oilskin sack named cancellation
an uncursed bugle
5 blessed wax candles
an uncursed rustproof +0 pick-axe
an uncursed amethyst stone

Rustyspoon the Samurai's attributes:


Background:

You were a Ryoshu, a level 15 female human Samurai.
You were chaotic, temporarily on a mission for Susanowo
who was opposed by Amaterasu Omikami (lawful) and Raijin (neutral).
You were actually lawful.
You were in the endgame, on the Astral Plane.
You entered the dungeon 31795 turns ago.
There was a full moon in effect when your adventure ended.
You had 287000 experience points, 33000 more were needed to attain level 16.

Basics:

You had 332 out of 378 hit points.
You had all 73 energy points (spell power).
Your armor class was -26.
Your wallet was empty.
Autopickup was on for '"?!=' plus thrown, with exceptions.

Final Characteristics:

Your strength was 25 (base:18/12, peak:18/13, innate limit:18/100).
Your dexterity was 18 (limit:18).
Your constitution was 18 (limit:18).
Your intelligence was 18 (limit:18).
Your wisdom was 18 (limit:18).
Your charisma was 15 (limit:18).

Final Status:

You were levitating, at will.
You were not hungry.
You were unencumbered.
You were wielding two weapons at once.
You had expert skill with long sword and two weapons.

Final Attributes:

You were the Hand of Elbereth.
You were fervently aligned.
You were magic-protected.
You were fire resistant.
You were cold resistant.
You were sleep resistant.
You were disintegration resistant.
You were shock resistant.
You were poison resistant.
You were level-drain resistant.
You saw invisible.
You were telepathic.
You had automatic searching.
You were invisible to others.
You were stealthy.
You caused conflict.
You were protected.
You were very fast.
You had reflection.
You had free action.
You were extremely lucky.
You had extra luck.
Good luck did not time out for you.
You survived.

Miscellaneous:
You never encountered a bones level.
Total elapsed playing time was 4 hours, 17 minutes and 32 seconds.

Major events:

Turn

1: rustyspoon the lawful female human Samurai entered the dungeon
396: entered the Gnomish Mines
841: attained the rank of Ronin (level 3)
3227: attained the rank of Kunoichi (level 6)
3488: reached Mine Town
4971: entered Sokoban
4979: made her first wish - "2 blessed greased scrolls of charging", got "2 greased scrolls labeled LEP GEX VEN ZEA"
4979: wished for "blessed greased fixed +2 gray dragon scale mail", got "a greased gray dragon scale mail"
5234: completed 1st Sokoban level
6049: completed 2nd Sokoban level
6435: completed 3rd Sokoban level
7400: completed 4th Sokoban level
7548: acquired the Sokoban bag of holding
7802: wished for "blessed greased greased greased greased fixed amulet of reflection", got "a greased hexagonal amulet"
7868: received Excalibur from a strange woman laying about in a pond
10068: attained the rank of Joshu (level 10)
11557: wished for "blessed greased fixed +2 boots of speed", got "a greased pair of hiking boots"
15700: wished for "magic marker", got "a magic marker"
17273: was crowned "The Hand of Elbereth" by Amaterasu Omikami
18589: killed Medusa
20313: entered Gehennom
20781: attained the rank of Ryoshu (level 14)
20856: killed Yeenoghu
21537: was bestowed with Sunsword by Amaterasu Omikami
23182: wished for "blessed greased greased greased greased greased greased fixed +2 t-shirt", got "a greased T-shirt"
23272: wished for "blessed magic marker", got "a magic marker"
24227: found the Tsurugi of Muramasa carried by a monster
24230: killed Ashikaga Takauji
24231: acquired the Bell of Opening
24907: wished for "blessed fixed ring of teleport control", got "a twisted ring"
24923: performed her first genocide (class h)
24933: genocided class L
26316: bribed Asmodeus with 30 zorkmids for safe passage
26326: killed Juiblex
26740: bribed Baalzebub with 5 zorkmids for safe passage
27715: killed Orcus
28787: destroyed Vlad the Impaler
28792: acquired the Candelabrum of Invocation
29131: wished for "blessed magic marker", got "a magic marker"
30108: killed the Wizard of Yendor
30110: acquired the Book of the Dead
30141: performed the invocation
30220: killed the high priest of Moloch
30224: acquired The Amulet of Yendor
30594: killed the Wizard of Yendor (2nd time)
30854: killed the Wizard of Yendor (3rd time)
31504: entered the Elemental Planes
31504: entered Plane of Earth
31540: entered Plane of Air
31619: entered Plane of Fire
31667: entered Plane of Water
31671: genocided class ;
31695: entered the Astral Plane
31713: killed Pestilence
31743: killed Pestilence (2nd time)
31764: killed Pestilence (3rd time)
31779: killed Famine
31795: ascended

Vanquished creatures:

Orcus
Yeenoghu
Juiblex
the Wizard of Yendor (4 times)
Pestilence (thrice)
Famine
Vlad the Impaler
a high cleric
a mastodon
Medusa
11 krakens
2 storm giants
2 glass golems
a balrog
a purple worm
a gold dragon
3 silver dragons
2 red dragons
2 white dragons
a black dragon
3 blue dragons
a yellow dragon
7 minotaurs
2 jabberwocks
Ashikaga Takauji
a baluchitherium
4 Angels
3 demiliches
3 stone golems
2 Nazgul
4 pit fiends
2 hell hounds
2 displacer beasts
4 titanotheres
a trapper
a baby black dragon
4 genetic engineers
4 disenchanters
23 vampire leaders
4 skeletons
5 shopkeepers
9 aligned clerics
3 captains
5 shades
a lich
2 clay golems
5 nurses
4 ice devils
3 lurkers above
2 frost giants
3 ettins
a golden naga
15 black puddings
23 vampires
2 lieutenants
2 watch captains
29 ghosts
a barbarian
10 samurai
a wizard
a queen bee
a winged gargoyle
a mind flayer
9 giant mimics
5 long worms
3 zruties
2 fire giants
5 ogre tyrants
an ice troll
2 rock trolls
2 umber hulks
2 flesh golems
5 elven monarchs
2 doppelgangers
2 hezrous
5 bone devils
6 large mimics
2 wumpuses
a fire vortex
33 stalkers
10 air elementals
2 fire elementals
3 earth elementals
4 water elementals
3 hill giants
4 giant mummies
a black naga
3 xorns
17 giant zombies
8 elf-nobles
6 sergeants
5 barbed devils
5 vrocks
2 salamanders
15 wargs
a winter wolf
2 hell hound pups
11 small mimics
4 warhorses
3 steam vortices
6 xans
4 ettin mummies
4 ogre leaders
4 quantum mechanics
16 trolls
3 wood golems
an erinys
4 mariliths
8 sharks
8 electric eels
7 gelatinous cubes
a pyrolisk
3 large dogs
5 flaming spheres
2 shocking spheres
a large cat
4 tigers
2 gargoyles
a tengu
2 ochre jellies
9 leocrottas
2 energy vortices
a mountain centaur
a stone giant
4 elf mummies
3 human mummies
4 red nagas
2 green slimes
a python
2 pit vipers
4 cobras
23 wraiths
a carnivorous ape
12 ettin zombies
a leather golem
a Grey-elf
51 soldiers
3 watchmen
7 amorous demons
6 horned devils
5 chameleons
a crocodile
20 giant beetles
5 quivering blobs
7 cockatrices
51 wolves
3 winter wolf cubs
2 lynxes
a panther
11 gremlins
34 leprechauns
6 iron piercers
2 mumakil
9 giant spiders
5 scorpions
6 horses
an ice vortex
2 black lights
8 vampire bats
a forest centaur
5 gnome rulers
5 orc mummies
a dwarf mummy
3 ogres
4 brown puddings
8 rust monsters
6 owlbears
3 yetis
2 gold golems
a werewolf
7 Green-elves
4 piranha
15 giant eels
5 lizards
22 ninja
a chickatrice
4 dingoes
4 dogs
a housecat
5 jaguars
3 dwarf leaders
5 blue jellies
a white unicorn
5 dust vortices
8 ravens
2 plains centaurs
4 gnome mummies
6 snakes
14 apes
24 human zombies
2 rope golems
8 Woodland-elves
9 soldier ants
7 fire ants
4 bugbears
4 imps
3 lemures
4 quasits
a wood nymph
2 water nymphs
6 mountain nymphs
10 Mordor orcs
3 Uruk-hai
3 orc shamans
5 rock piercers
4 rock moles
2 ponies
4 fog clouds
9 yellow lights
5 shriekers
6 violet fungi
18 gnome leaders
5 gnomish wizards
2 kobold mummies
6 gray oozes
2 barrow wights
8 elf zombies
12 ghouls
2 straw golems
a paper golem
7 jellyfish
21 giant ants
3 little dogs
14 floating eyes
a kitten
15 dwarves
6 homunculi
4 kobold leaders
20 hill orcs
17 rothes
2 rabid rats
3 giant bats
2 monkeys
18 orc zombies
16 dwarf zombies
2 wererats
2 werejackals
8 iguanas
69 killer bees
7 acid blobs
7 coyotes
5 gas spores
2 hobbits
28 manes
5 hobgoblins
5 giant rats
13 cave spiders
2 brown molds
2 yellow molds
a green mold
a red mold
64 gnomes
10 gnome zombies
14 geckos
17 jackals
2 kobolds
5 goblins
14 grid bugs
5 bats
9 lichens
8 kobold zombies
13 newts
1650 creatures vanquished.

Genocided or extinct species:

hobbits
dwarves
bugbears
dwarf leaders
dwarf rulers
mind flayers
master mind flayers
liches
demiliches
master liches
arch-liches
erinyes (extinct)
jellyfish
piranha
sharks
giant eels
electric eels
krakens
17 species genocided.
1 species extinct.

Voluntary challenges:

You read items or engraved 119 times.
You never engraved Elbereth.
You genocided 17 types of monsters.
You never polymorphed an object.
You never changed form.
You used 9 wishes.
You did not wish for any artifacts.
You did not violate any of the special Sokoban rules.

Achievements:

You entered the Gnomish Mines.
You entered a shop.
You attained the rank of Ronin.
You attained the rank of Kunoichi.
You entered Minetown.
You entered a temple.
You entered Sokoban.
You completed Sokoban.
You attained the rank of Joshu.
You defeated Medusa.
You entered Gehennom.
You attained the rank of Ryoshu.
You had the Bell of Opening.
You had the Candelabrum of Invocation.
You handled the Book of the Dead.
You gained access to Moloch's Sanctum.
You reached the Elemental Planes.
You reached the Astral Plane.
You delivered the Amulet of Yendor.
You ascended!

The Elemental Planes:

   Astral Plane: <- You are here.
Some temples.
Plane of Water:
Plane of Fire:
Plane of Air:
Plane of Earth:

The Dungeons of Doom: levels 1 to 25

   Level 1: "splint mail >"
A sink.
One way stairs up to The Elemental Planes.
Level 2: "sink spent"
An untended shop, a sink.
Stairs down to The Gnomish Mines.
Level 3: "shopkeeper has $1700"
A general store, a fountain.
Level 4: "!? >"
Some altars.
Level 5:
Many fountains.
Oracle of Delphi.
Level 6: "spent sink"
A sink.
Stairs up to Sokoban, level 5.
Level 7:
Level 8:
A delicatessen, a fountain.
Level 9:
Level 10: "backup holding >"
A fountain.
Level 11:
Level 12:
Portal to The Quest.
Level 13:
Level 14: "stash 0"
An altar, a fountain, a sink.
Level 15: "BoH >"
A fountain.
Level 16:
A primitive area.
Level 17:
Level 18:
A general store, many altars.
Level 19:
Some fountains.
Level 20:
Many altars, a grave.
Level 21:
Level 22:
A fountain.
Level 23:
Level 24: "$ >"
Level 25:
A fountain.
The castle.
Connection to Gehennom.

Gehennom: levels 26 to 45

   Level 26:
A temple, many graves.
Valley of the Dead.
Level 27: "gems <"
Level 28:
Level 29:
Some fountains.
Level 30:
Level 31:
Level 32:
Level 33:
Level 34:
Stairs up to Vlad's Tower, level 33.
Level 35:
Level 36:
Level 37: "water and gain ability stash"
Some shops, an altar, many graves.
Level 38:
Level 39:
Level 40:
Level 41:
Level 42:
Level 43:
Level 44:
Level 45:
A temple, many graves.
Moloch's Sanctum.

The Gnomish Mines: levels 3 to 10

   Level 3:
Level 4:
Level 5: "mastodon pet in izchak"
Many shops, a temple, some fountains, some trees.
Level 6: "BoH, BoTricks >"
Level 7:
Level 8:
Level 9:
Level 10: "poly trap"
A fountain.

The Quest: levels 1 to 5

   Level 1:
Completed quest for Lord Sato.
Level 2:
Level 3:
Level 4: "water >"
Level 5:

Sokoban: levels 5 up to 2

   Level 2: "coaligned uni"
Solved.
Level 3:
Solved.
Level 4:
Solved.
Level 5:
Solved.

Vlad's Tower: levels 33 up to 31

   Level 31:
Level 32:
Level 33:

Sayonara rustyspoon the Demigoddess...


You went to your reward with 833436 points,
Excalibur (worth 4000 zorkmids and 10000 points)
The Candelabrum of Invocation (worth 5000 zorkmids and 12500 points)
The Bell of Opening (worth 5000 zorkmids and 12500 points)
and 0 pieces of gold, after 31795 moves.
You were level 15 with a maximum of 378 hit points when you ascended.